 Dungeon Crawl Stone Soup version 0.30.1-9-gdf580d7c3d (webtiles) character file.

Game seed: 4656512647557469944

88 7w4c the Sneak (level 4, -6/33 HPs)
             Began as a Vampire Brigand on Oct 18, 2023.
             Mangled by a gnoll
             ... wielding a +0 club
              (8 damage)
             ... on level 2 of the Dungeon.
             The game lasted 00:04:30 (1217 turns).

7w4c the Sneak (Vampire Brigand)                    Turns: 1217, Time: 00:04:31

Health: -6/33      AC:  4    Str: 10    XL:     4   Next: 30%
Magic:  4/4        EV: 12    Int: 13    God:
Gold:   130        SH:  0    Dex: 17    Spells: 3/3 levels left

rFire   . . .        g - +2 rapier (vamp)
rCold   . . .        (no shield)
rNeg    . . .        b - +0 robe
rPois   .            (no helmet)
rElec   .            c - +0 cloak
rCorr   .            h - +0 pair of gloves
SInv    +            (no boots)
Will    .....        (no amulet)
Stlth   ++++         (no ring)
HPRegen 0.45/turn    (no ring)
MPRegen 0.09/turn

%: no passive effects
@: healing quickly
A: alive, fangs 3, see invisible, vampiric 2
a: Exsanguinate


You were on level 2 of the Dungeon.
You visited 1 branch of the dungeon, and saw 2 of its levels.

You collected 130 gold pieces.

Inventory:

Hand Weapons
 a - a +2 dagger
 g - a +2 vampiric rapier (weapon)
Missiles
 d - 14 poisoned darts (quivered)
 e - 3 curare-tipped darts
Armour
 b - a +0 robe (worn)
 c - a +0 cloak (worn)
 h - a +0 pair of gloves (worn)
Scrolls
 f - a scroll of teleportation
Potions
 i - a potion of curing


   Skills:
 + Level 2.1 Fighting
 + Level 2.7 Short Blades
 + Level 1.6 Throwing
 + Level 1.8 Dodging
 + Level 7.8 Stealth


You had 3 spell levels left.
You didn't know any spells.
Your spell library was empty.

Dungeon Overview and Level Annotations

Branches:
Dungeon (2/15)

Altars:
Xom


Innate Abilities, Weirdness & Mutations

Your natural rate of healing is accelerated.
You have razor-sharp teeth.
You have supernaturally acute eyesight. (SInv)
You are afflicted with vampirism and can become a bat while bloodless.


Message History

You barely miss the gnoll.
The gnoll is moderately wounded.
The gnoll hits you with a +0 spear. The gnoll barely misses you.
You closely miss the gnoll.
The gnoll is moderately wounded.
The gnoll misses you. x2
You hit the gnoll.
The gnoll is heavily wounded.
The gnoll hits you but does no damage. x2
You puncture the gnoll!
You feel better.
You kill the gnoll!
The gnoll closely misses you. The gnoll hits you with a +0 club.
The gnoll closely misses you.
The gnoll hits you from afar with a +0 spear.
You see here a +0 spear.
You puncture the gnoll!
The gnoll is severely wounded.
The gnoll barely misses you. The gnoll misses you.
The gnoll hits you from afar with a +0 spear.
You hit the gnoll.
The gnoll is severely wounded.
The gnoll closely misses you. The gnoll hits you with a +0 club.
The gnoll misses you.
You hit the gnoll but do no damage. You bite the gnoll.
The gnoll is almost dead.
The gnoll closely misses you. The gnoll misses you.
The gnoll closely misses you. The gnoll hits you with a +0 spear.
The gnoll hits you but does no damage.
The gnoll hits you from afar with a +0 spear.
You hit the gnoll.
You kill the gnoll!
The gnoll hits you with a +0 club!
* * * LOW HITPOINT WARNING * * *
The gnoll hits you from afar with a +0 spear.
* * * LOW HITPOINT WARNING * * *
Okay, then.
You hit the gnoll. Your bite misses the gnoll.
The gnoll is moderately wounded.
The gnoll hits you with a +0 club!
You die...

..#####..#######.#...## #g#
.......[......#.#.....## #.#
..#####..####..#.......###.#####
..# #..# #.#................#
..#####..####.##.......#######.##
......................## #...
.....##.##............# #..#
.....##.#####.##g#..### #..#
........# ##.##@#.## #..#
.....##.####...#)#.# #..#
..รท..##.........g..# #..#
...####.####...#.### #..# ...#
#.# ###.##.# #..# #..#
#.###.#.##.# #... #..#
#.##.#..##.# ##.#
#..####.#.###....# #.#
.........## ##.### ###########.#


You could see 2 gnolls.

Vanquished Creatures
  3 adders (D:2)
  2 gnolls (D:2)
  A worm (D:2)
  2 dart slugs (D:1)
  A ball python (D:2)
  2 bats
  4 endoplasms
  3 giant cockroaches
  A goblin (D:2)
  4 hobgoblins
  4 jackals (D:2)
  A kobold (D:1)
  2 frilled lizards (D:1)
  3 rats
33 creatures vanquished.

Notes
Turn   | Place    | Note
-------+----------+-------------------------------------------
     0 | D:1      | 7w4c the Vampire Brigand began the quest for the Orb.
     0 | D:1      | Reached XP level 1. HP: 16/16 MP: 1/1
    40 | D:1      | Reached skill level 6 in Stealth
    69 | D:1      | Reached XP level 2. HP: 22/22 MP: 2/2
   525 | D:2      | Reached skill level 7 in Stealth
   539 | D:2      | Gained mutation: You are afflicted with vampirism and can
                  | become a bat while bloodless. [Vampire growth]
   539 | D:2      | Reached XP level 3. HP: 13/27 MP: 3/3
   814 | D:2      | Found a shimmering altar of Xom.
  1093 | D:2      | Reached XP level 4. HP: 26/33 MP: 4/4
  1110 | D:2      | Identified a scroll of acquirement
  1110 | D:2      | Acquired a +2 vampiric rapier
  1216 | D:2      | HP: 1/33 [gnoll/+0 spear (3)]
  1217 | D:2      | Mangled by a gnoll

Illustrated notes

Levels and vault maps discovered:
D:1:      dpeg_arrival_pond, layout_basic
D:2:      layout_loops_ring, basic_altar, chequers_serial_rivers_micro_d

Skill      XL: |  1  2 |
---------------+-------+-----
Stealth        | 6 7 |  7.8
Fighting       | 2 |  2.1
Short Blades   | |  2.7
Throwing       | |  1.6
Dodging        | |  1.8

Action                     |  1- 3 |  4- 6 || total
---------------------------+-------+-------++-------
  Melee: Dagger            |   100 |     2 ||   102
         Bite              |     6 |     1 ||     7
         Punch             |     2 |       ||     2
         Rapier            |       |    10 ||    10
    Use: Scroll            |     1 |     1 ||     2
         Potion            |       |     1 ||     1
   Stab: Sleeping          |     7 |       ||     7
 Armour: Robe              |    48 |     4 ||    52
  Dodge: Dodged            |    84 |    25 ||   109
